 Dungeon Sprint DCSS version 0.17-a0-1667-g4ca74a1 (webtiles) character file.

6393 Kidiri the Unseen (level 10, -1/44 HPs)
             Began as a Spriggan Enchanter on Aug 17, 2015.
             Was the Champion of Dithmenos.
             Slain by a komodo dragon (24 damage)
             ... in the Dungeon (Sprint III: "The Ten Rune Challenge").
             The game lasted 00:20:01 (2318 turns).

Kidiri the Unseen (Spriggan Enchanter)              Turns: 2318, Time: 00:20:02

Health: -1/44      AC:  5    Str:  4    XL:     10   Next: 66%
Magic:  16/28      EV: 31    Int: 17    God:    Dithmenos [******]
Gold:   27         SH:  0    Dex: 18    Spells: 9 memorised, 4 levels left

rFire  . . .     SeeInvis +     a - +1 dagger
rCold  . . .     Clarity  .     b - +1 robe
rNeg   . . .     SustAt   .     (shield restricted)
rPois  .         Gourm    .     (helmet restricted)
rElec  .         Spirit   .     m - +0 cloak
rCorr  .         Warding  .     (gloves unavailable)
rMut   .         NoTele   +     (boots unavailable)
MR     +....                    (no amulet)
Stlth  ++++++++++               (no ring)
                                (no ring)

@: wreathed by umbra, very quick, somewhat resistant to hostile enchantments,
uncannily stealthy
A: unfitting armour, horns 1, molten scales 1, see invisible, clumsy 1,
herbivore 3, speed 3, slow metabolism 2, spit poison 1
a: Spit Poison, Shadow Step, Shadow Form, Renounce Religion


You were in the Dungeon.
You worshipped Dithmenos.
Dithmenos was exalted by your worship.
You were not hungry.

You visited 1 branch You collected 27 gold pieces.

Inventory:

Hand weapons
 a - a +1 dagger (weapon)
Armour
 b - a +1 robe (worn)
 m - a +0 cloak (worn)
Scrolls
 j - 2 scrolls of blinking
 k - a scroll of enchant armour {unknown}
 o - a scroll of torment {unknown}
 t - 2 scrolls of holy word {unknown}
 u - a scroll of fog {unknown}
 v - a scroll of remove curse
Potions
 e - 2 potions of curing
 f - 2 potions of heal wounds
 g - a potion of haste
 l - a potion of berserk rage
 n - a potion of might
 r - 3 potions of cure mutation
 s - a potion of flight {unknown}
Books
 c - a book of Clouds

   Spells                             Type                      Level
   a - Mephitic Cloud                 Conjuration/Poison/Air       3
   b - Conjure Flame                  Conjuration/Fire             3
   c - Poisonous Cloud                Conjuration/Poison/Air       6
   d - Freezing Cloud                 Conjuration/Ice/Air          6
   e - Ring of Flames                 Charms/Fire                  7
 i - a book of the Dragon

   Spells                             Type                      Level
   a - Flame Tongue                   Conjuration/Fire             1
   b - Cause Fear                     Hexes                        4
   c - Bolt of Fire                   Conjuration/Fire             6
   d - Dragon Form                    Transmutation                7
   e - Dragon's Call                  Summoning                    9
Comestibles
 d - 2 bread rations
 h - 24 royal jellies


   Skills:
 + Level 8.5 Short Blades
 * Level 15.1 Dodging
 * Level 16.5 Stealth
 * Level 13.0 Spellcasting
 + Level 5.3 Conjurations
 + Level 10.0 Hexes
 + Level 6.1 Ice Magic
 + Level 5.6 Air Magic
 + Level 6.0 Poison Magic
 - Level 3.2 Invocations


You had 4 spell levels left.
You knew the following spells:

 Your Spells              Type           Power        Failure   Level  Hunger
a - Corona                Hex            #####..      1%          1    None
b - Ensorcelled Hibernat  Hex/Ice        #####.       1%          2    None
c - Confuse               Hex            #####...     1%          3    None
d - Tukima's Dance        Hex            #####...     1%          3    None
e - Dazzling Spray        Conj/Hex       #####...     1%          3    None
f - Cause Fear            Hex            #####.....   1%          4    ##.....
g - Mephitic Cloud        Conj/Pois/Air  ####....     1%          3    None
h - Freezing Cloud        Conj/Ice/Air   ####......   85%         6    ######.
i - Poisonous Cloud       Conj/Pois/Air  ####......   91%         6    ######.


Dungeon Overview and Level Annotations

Branches:
Dungeon (1/1)

Altars:
Cheibriados
Dithmenos
Elyvilon
Fedhas
Gozag
Kikubaaqudgha
Makhleb
Nemelex Xobeh
Okawaru
Qazlal
Ru
Sif Muna
Trog
Vehumet
Xom
Yredelemnul
Zin
The Shining One
Jiyva
Lugonu


Innate Abilities, Weirdness & Mutations

You are tiny and cannot use many weapons and most armour.
You have supernaturally acute eyesight.
You are a herbivore.
You cover ground extremely quickly.
You need consume almost no food.
You have a pair of small horns on your head.
You are partially covered in molten scales (AC +1).
You are clumsy. (Dex -2)
You can spit weak poison.


Message History

You don't know that spell.
Unknown command.
Unknown command.
Unknown command.
Casting: Ensorcelled Hibernation
Confirm with . or Enter, or press ? or * to list all spells.
Aiming: Ensorcelled Hibernation
Press: ? - help, Shift-Dir - straight line, f/p - komodo dragon
Aim: a komodo dragon (black smoke, umbra, chance to defeat MR: 49%)
The komodo dragon resists with some effort.
The komodo dragon bites you!
Casting: Ensorcelled Hibernation
Confirm with . or Enter, or press ? or * to list all spells.
Aiming: Ensorcelled Hibernation
Press: ? - help, Shift-Dir - straight line, f/p - komodo dragon
Aim: a komodo dragon (black smoke, umbra, chance to defeat MR: 49%)
The komodo dragon resists with some effort.
The komodo dragon bites you!!
Ouch! That really hurt!
You die...

≈≈≈≈≈≈♣♣.#...######'#
≈≈≈≈≈....#.⌠.#__#...#+###########
≈≈≈≈.....#...#__#...#..≈≈≈§§#.'()
≈≈.......#+###__#...#.#§≈≈#.#.#..
.........#.))#__#...'.#§§§#.#.#()
.........#___#_.+...#.#§.§#...#..
▓▓▓▓▓▓▓▓▓▓▓▓▓▓▓▓▓▓▓▓▓▓▓▓▓▓▓▓▓▓▓▓▓
♣♣§§≈........≈≈≈..
♣@♣≈≈≈≈≈≈≈≈≈≈≈≈♣♣P
#.l♣♣♣♣♣♣♣♣♣♣♣♣♣♣♣♣P #§§ ♣♣ ###


You could see a komodo dragon.

Vanquished Creatures
  Snorg (D)
  A centaur warrior (D)
  2 unseen horrors (D)
  2 spiny frogs (D)
  3 wandering mushrooms (D)
  A deep elf priest (D)
  A shadow (D)
  A spatial vortex (D)
  A necrophage (D)
  2 centaurs (D)
  An earth elemental (D)
  A water elemental (D)
  29 killer bees (D)
  A wizard (D)
  Crazy Yiuf (D)
  A jelly (D)
  Jessica (D)
  A necromancer (D)
  A kobold demonologist (D)
  3 humans (D)
  2 oozes (D)
  A rat (D)
58 creatures vanquished.

Vanquished Creatures (collateral kills)
  A queen bee (D)
  3 killer bees (D)
4 creatures vanquished.

Vanquished Creatures (others)
  2 draconian scorchers (D)
  A hydra (D)
  2 yaktaurs (D)
  2 fire drakes (D)
  6 plants (D)
13 creatures vanquished.

Grand Total: 75 creatures vanquished

Notes
Turn   | Place    | Note
--------------------------------------------------------------
     0 | D        | Kidiri the Spriggan Enchanter began the quest for the Orb.
     0 | D        | Reached XP level 1. HP: 9/9 MP: 5/5
     4 | D        | Reached skill level 5 in Stealth
     8 | D        | Reached XP level 2. HP: 13/13 MP: 5/7
    12 | D        | Learned a level 2 spell: Ensorcelled Hibernation
    34 | D        | Noticed Jessica
    39 | D        | Killed Jessica
    39 | D        | Reached skill level 5 in Dodging
    39 | D        | Reached skill level 6 in Stealth
    39 | D        | Reached skill level 1 in Ice Magic
    39 | D        | Reached XP level 3. HP: 16/16 MP: 7/9
    45 | D        | Killed a yaktaur
    65 | D        | Learned a level 3 spell: Confuse
    69 | D        | Learned a level 3 spell: Tukima's Dance
    97 | D        | Reached skill level 7 in Stealth
   156 | D        | Killed a fire drake
   199 | D        | Killed a fire drake
   237 | D        | Killed a white draconian scorcher
   242 | D        | Killed a white draconian scorcher
   284 | D        | Noticed Crazy Yiuf
   290 | D        | Killed Crazy Yiuf
   290 | D        | Reached skill level 5 in Spellcasting
   290 | D        | Reached XP level 4. HP: 21/21 MP: 7/12
   322 | D        | Learned a level 3 spell: Dazzling Spray
   322 | D        | Gained mutation: You have a pair of small horns on your head. [potion of mutation]
   322 | D        | Gained mutation: You are dopey. (Int -2) [potion of mutation]
   322 | D        | Gained mutation: You are partially covered in molten scales (AC +1). [potion of mutation]
   323 | D        | Gained mutation: You can spit weak poison. [potion of mutation]
   323 | D        | Gained mutation: You are clumsy. (Dex -2) [potion of mutation]
   323 | D        | Lost mutation: You are dopey. (Int -2) [potion of mutation]
   375 | D        | Noticed a water elemental
   410 | D        | Killed a water elemental
   410 | D        | Reached skill level 8 in Stealth
   410 | D        | Reached skill level 1 in Conjurations
   410 | D        | Reached skill level 5 in Hexes
   410 | D        | Reached XP level 5. HP: 8/24 MP: 0/14
   417 | D        | Killed a five-headed hydra
   644 | D        | Noticed a jelly
   645 | D        | Noticed a shadow
   684 | D        | Killed a shadow
   684 | D        | Reached skill level 9 in Dodging
   684 | D        | Reached skill level 10 in Stealth
   684 | D        | Reached XP level 6. HP: 28/28 MP: 2/17
   687 | D        | Killed a jelly
   812 | D        | Found a stormy altar of Qazlal.
   812 | D        | Found a sacrificial altar of Ru.
   812 | D        | Found a burning altar of Makhleb.
   812 | D        | Found a shimmering altar of Xom.
   813 | D        | Noticed a spatial vortex
   813 | D        | Found a viscous altar of Jiyva.
   813 | D        | Found a shadowy altar of Dithmenos.
   813 | D        | Found a sparkling altar of Nemelex Xobeh.
   813 | D        | Found a corrupted altar of Lugonu.
   813 | D        | Found an opulent altar of Gozag.
   818 | D        | Became a worshipper of Dithmenos the Shadowed
   830 | D        | Killed a spatial vortex
   830 | D        | Reached skill level 5 in Short Blades
   830 | D        | Reached skill level 11 in Stealth
   830 | D        | Reached skill level 1 in Invocations
   970 | D        | Found a radiant altar of Vehumet.
   971 | D        | Found a deep blue altar of Sif Muna.
   971 | D        | Found an ancient bone altar of Kikubaaqudgha.
   971 | D        | Noticed a wizard
   972 | D        | Killed a wizard
   972 | D        | Reached skill level 10 in Dodging
   991 | D        | Learned a level 4 spell: Cause Fear
   995 | D        | Learned a level 3 spell: Mephitic Cloud
  1005 | D        | Found a glowing silver altar of Zin.
  1006 | D        | Found a glowing golden altar of the Shining One.
  1006 | D        | Found a white marble altar of Elyvilon.
  1006 | D        | Noticed a deep elf priest
  1008 | D        | Killed a deep elf priest
  1008 | D        | Reached skill level 1 in Air Magic
  1008 | D        | Reached skill level 1 in Poison Magic
  1008 | D        | Reached XP level 7. HP: 32/32 MP: 18/20
  1024 | D        | Found an iron altar of Okawaru.
  1025 | D        | Found a bloodstained altar of Trog.
  1025 | D        | Noticed a human
  1025 | D        | Noticed a human
  1027 | D        | Killed a human
  1027 | D        | Reached skill level 12 in Stealth
  1028 | D        | Killed a human
  1045 | D        | Found a snail-covered altar of Cheibriados.
  1045 | D        | Noticed a necrophage
  1046 | D        | Found a basalt altar of Yredelemnul.
  1046 | D        | Found a blossoming altar of Fedhas.
  1046 | D        | Noticed a necromancer
  1047 | D        | Killed a necrophage
  1047 | D        | Acquired Dithmenos's first power
  1047 | D        | Reached XP level 8. HP: 36/36 MP: 22/22
  1048 | D        | Killed a necromancer
  1066 | D        | Learned a level 6 spell: Freezing Cloud
  1077 | D        | Noticed Snorg
  1082 | D        | Killed Snorg
  1082 | D        | Reached skill level 13 in Stealth
  1082 | D        | Reached skill level 10 in Spellcasting
  1308 | D        | Noticed an earth elemental
  1360 | D        | Killed an earth elemental
  1360 | D        | Reached XP level 9. HP: 39/39 MP: 3/24
  1581 | D        | Noticed a centaur
  1581 | D        | Noticed a centaur warrior
  1581 | D        | Noticed a centaur
  1583 | D        | Killed a centaur
  1589 | D        | Killed a centaur
  1593 | D        | Killed a centaur warrior
  1593 | D        | Acquired Dithmenos's second power
  1593 | D        | Reached skill level 14 in Stealth
  1593 | D        | Reached skill level 5 in Ice Magic
  1764 | D        | Learned a level 6 spell: Poisonous Cloud
  1774 | D        | Noticed an unseen horror
  1774 | D        | Noticed an unseen horror
  1775 | D        | Killed an unseen horror
  1777 | D        | Killed an unseen horror
  1777 | D        | Reached skill level 15 in Stealth
  1787 | D        | Noticed a killer bee
  1787 | D        | Noticed a killer bee
  1787 | D        | Noticed a queen bee
  1787 | D        | Noticed a killer bee
  1787 | D        | Noticed a killer bee
  1787 | D        | Noticed a killer bee
  1787 | D        | Noticed a killer bee
  1787 | D        | Noticed a killer bee
  1787 | D        | Noticed a killer bee
  1787 | D        | Noticed a killer bee
  1787 | D        | Noticed a killer bee
  1787 | D        | Noticed a killer bee
  1787 | D        | Noticed a killer bee
  1787 | D        | Noticed a killer bee
  1787 | D        | Noticed a killer bee
  1788 | D        | Noticed a killer bee
  1788 | D        | Noticed a killer bee
  1788 | D        | Noticed a killer bee
  1788 | D        | Noticed a killer bee
  1788 | D        | Noticed a killer bee
  1788 | D        | Noticed a killer bee
  1788 | D        | Noticed a killer bee
  1788 | D        | Noticed a killer bee
  1788 | D        | Noticed a killer bee
  1788 | D        | Noticed a killer bee
  1788 | D        | Noticed a killer bee
  1788 | D        | Noticed a killer bee
  1788 | D        | Noticed a killer bee
  1788 | D        | Noticed a killer bee
  1788 | D        | Noticed a killer bee
  1788 | D        | Noticed a killer bee
  1788 | D        | Noticed a killer bee
  1788 | D        | Noticed a killer bee
  1790 | D        | Killed a killer bee
  1790 | D        | Reached skill level 5 in Poison Magic
  1792 | D        | Killed a killer bee
  1792 | D        | Acquired Dithmenos's third power
  1792 | D        | Reached XP level 10. HP: 42/44 MP: 17/27
  1798 | D        | Killed a killer bee
  1800 | D        | Killed a killer bee
  1804 | D        | Killed a killer bee
  1806 | D        | Killed a killer bee
  1808 | D        | Killed a killer bee
  1940 | D        | Killed a killer bee
  1945 | D        | Killed a killer bee
  1945 | D        | Killed a killer bee
  1945 | D        | Acquired Dithmenos's fourth power
  1947 | D        | Killed a killer bee
  1947 | D        | Killed a killer bee
  1948 | D        | Killed a killer bee
  1950 | D        | Killed a killer bee
  1952 | D        | Killed a killer bee
  1952 | D        | Reached skill level 5 in Conjurations
  1955 | D        | Killed a killer bee
  1957 | D        | Killed a killer bee
  1958 | D        | Killed a killer bee
  1959 | D        | Killed a killer bee
  1959 | D        | Killed a queen bee
  1961 | D        | Killed a killer bee
  1961 | D        | Reached skill level 5 in Air Magic
  1963 | D        | Killed a killer bee
  1971 | D        | Killed a killer bee
  1976 | D        | Killed a yaktaur
  1980 | D        | Killed a killer bee
  1988 | D        | Killed a killer bee
  1999 | D        | Killed a killer bee
  1999 | D        | Killed a killer bee
  2093 | D        | Killed a killer bee
  2137 | D        | Killed a killer bee
  2150 | D        | Killed a killer bee
  2165 | D        | Killed a killer bee
  2178 | D        | Killed a killer bee
  2178 | D        | Reached skill level 16 in Stealth
  2181 | D        | Killed a killer bee
  2265 | D        | Noticed a wandering mushroom
  2267 | D        | Killed a wandering mushroom
  2270 | D        | Noticed a wandering mushroom
  2272 | D        | Noticed a wandering mushroom
  2274 | D        | Killed a wandering mushroom
  2275 | D        | Killed a wandering mushroom
  2309 | D        | Noticed a spiny frog
  2309 | D        | Noticed a komodo dragon
  2309 | D        | Noticed a spiny frog
  2312 | D        | Killed a spiny frog
  2312 | D        | Reached skill level 15 in Dodging
  2315 | D        | Killed a spiny frog
  2315 | D        | Reached skill level 10 in Hexes
  2318 | D        | Slain by a komodo dragon

Vault maps used:
D:        dungeon_sprint_mu

Action                   |  1- 3 |  4- 6 |  7- 9 | 10-12 || total
-------------------------+-------+-------+-------+-------++-------
Melee: Dagger            |     9 |    23 |    14 |    93 ||   139
 Cast: Ensorcelled Hiber |     7 |       |       |    27 ||    34
       Dazzling Spray    |       |    16 |    23 |     6 ||    45
       Mephitic Cloud    |       |       |     5 |     1 ||     6
       Confuse           |       |       |     1 |     2 ||     3
Invok: Shadow Step       |       |       |       |     1 ||     1
  Use: Potion            |       |     3 |     2 |       ||     5
       Scroll            |       |     3 |       |       ||     3
 Stab: Sleeping          |     5 |     3 |     8 |    18 ||    34
       Confused          |       |       |     2 |     1 ||     3
       Invisible         |       |       |     2 |     1 ||     3
  Eat: Royal jelly       |       |       |       |     2 ||     2
